 Dungeon Crawl Stone Soup version 0.29.1-15-g9cfb28693d (webtiles) character file.

Game seed: 17188410751065134246

84 protoss039 the Digger (level 4, 0/33 HPs)
             Began as a Demonspawn Earth Elementalist on Feb 28, 2023.
             Slain by a giant cockroach (2 damage)
             ... on level 2 of the Dungeon.
             The game lasted 00:05:13 (2428 turns).

protoss039 the Digger (DsEE)                        Turns: 2428, Time: 00:05:13

Health: 0/33       AC:  5    Str:  8    XL:     4   Next: 23%
Magic:  8/8        EV: 12    Int: 18    God:
Gold:   48         SH:  0    Dex: 14    Spells: 4/8 levels left

rFire   . . .      SeeInvis .   j - +1 dagger (freeze)
rCold   . . .      Faith    .   (no shield)
rNeg    + . .      Spirit   .   a - +0 robe
rPois   .          Reflect  .   (no helmet)
rElec   .          Harm     .   h - +0 cloak
rCorr   .          Rampage  .   (no gloves)
Will    .....                   (no boots)
Stlth   ++........              (no amulet)
HPRegen 0.11/turn               f - ring of positive energy
MPRegen 0.22/turn               (no ring)

@: mighty, flying
A: hooves 1, yellow scales 1, magic regeneration
a: no special abilities


You were on level 2 of the Dungeon.
You visited 1 branch of the dungeon, and saw 2 of its levels.

You collected 48 gold pieces.

Inventory:

Hand Weapons
 j - a +1 dagger of freezing (weapon)
Missiles
 d - 4 silver javelins
Armour
 a - a +0 robe (worn)
 h - a +0 cloak (worn)
Jewellery
 f - a ring of positive energy (left hand)
Scrolls
 c - a scroll of teleportation {unknown}
 k - a scroll of brand weapon {unknown}
 l - 2 scrolls of fog {unknown}
 m - a scroll of magic mapping {unknown}
 n - a scroll of identify {unknown}
 o - a scroll of fear {unknown}
Potions
 b - 2 potions of magic


   Skills:
 + Level 1.9 Fighting
 - Level 1.7 Dodging
 - Level 1.7 Stealth
 + Level 2.8 Spellcasting
 + Level 0.4 Conjurations
 - Level 0.8 Transmutations
 * Level 0.3 Fire Magic
 + Level 3.4 Earth Magic


You had 4 spell levels left.
You knew the following spells:

 Your Spells              Type           Power      Damage    Failure   Level
a - Sandblast             Erth           28%        2d8       4%          1
b - Passwall              Tmut/Erth      8%         N/A       11%         2
c - Foxfire               Conj/Fire      12%        2x1d4     14%         1

Your spell library contained the following spells:

 Spells                   Type           Power      Damage    Failure   Level
 Stone Arrow              Conj/Erth      18%        3d8       22%         3
 Conjure Flame            Conj/Fire      3%         6-21      38%         3
 Inner Flame              Hex/Fire       3%         N/A       43%         3
 Petrify                  Tmut/Erth      10%        N/A       56%         4
 Flame Wave               Conj/Fire      3%         2d5       80%         4


Dungeon Overview and Level Annotations

Branches:
Dungeon (2/15) Zot: 9543

Altars:

Shops:
D:1 ?

Annotations:
D:2 Sigmund, Terence


Innate Abilities, Weirdness & Mutations

You have large cloven feet.
You are partially covered in yellow scales. (AC +2)
You regenerate magic rapidly.


Message History

The endoplasm freezes you.
You are frozen.
The giant cockroach bites you.
You hit the endoplasm. You freeze the endoplasm.
You kick the endoplasm, but do no damage.
The endoplasm is severely wounded.
Sigmund hits you but does no damage. The giant cockroach bites you.
The endoplasm hits you.
You hit the endoplasm. You freeze the endoplasm.
You kill the endoplasm!
The giant cockroach misses you.
Sigmund hits you from afar with a +0 scythe!
* * * LOW HITPOINT WARNING * * *
The giant cockroach barely misses you.
Casting: Foxfire (safe; 14% risk of failure)
Confirm with . or Enter, or press ? or * to list all spells.
Aiming: Sandblast (safe; 4% risk of failure)
Press: ? - help, Shift-Dir - straight line, f/p - Sigmund
Aim: Sigmund, wielding a +0 scythe and wearing a +1 robe of resistance (lightly wounded, 80% to hit)
The blast of sand hits the giant cockroach but does no damage.
The giant cockroach is severely wounded.
The giant cockroach barely misses you.
Sigmund hits you from afar with a +0 scythe!
* * * LOW HITPOINT WARNING * * *
Unknown command.
It was a potion of might.
You feel very mighty all of a sudden. The giant cockroach barely misses you.
The giant cockroach bites you but does no damage.
Unknown command.
It was a potion of flight.
You feel very buoyant.
You fly up into the air.
The giant cockroach bites you but does no damage.
The giant cockroach attacks as you move away!
The giant cockroach closely misses you. x2
Sigmund gestures wildly while chanting.
Sigmund flickers and vanishes!
The giant cockroach attacks as you move away!
The giant cockroach bites you.
You die...

#.##....{.....#.##.. .#####..
#...........#.#.# ##...##.
#.##.###........# .##.....##
##.##.###..#..#.$##.
#..###..# #..................
##.†.##..
##.##.#..........##. #####...
#...........##.###..##...##..
#.##.#.#...........##)†###†)#
#@##.#.#...B@....^..##.....##
#.##.#.##{####.##### ##...##.
##.##............. #####..
#.......##.####.### #..
#######.##.# ##. #.##.#
#.##.. ######


You could see a giant cockroach.

Vanquished Creatures
  3 adders (D:2)
  A worm (D:2)
  A dart slug (D:1)
  7 endoplasms
  2 giant cockroaches
  2 goblins
  5 hobgoblins
  7 jackals
  7 ball pythons
  5 bats
  4 frilled lizards
  4 kobolds
  4 rats
52 creatures vanquished.

Vanquished Creatures (others)
  16 foxfires (D:2)
16 creatures vanquished.

Grand Total: 68 creatures vanquished

Notes
Turn   | Place    | Note
-------+----------+-------------------------------------------
     0 | D:1      | protoss039 the Demonspawn Earth Elementalist began the
                  | quest for the Orb.
     0 | D:1      | Reached XP level 1. HP: 13/13 MP: 3/3
   338 | D:1      | Found Buidun's Magic Scroll Shoppe.
   362 | D:1      | Gained mutation: You have large cloven feet. [demonic
                  | ancestry]
   362 | D:1      | Reached XP level 2. HP: 20/20 MP: 1/5
   553 | D:1      | Reached skill level 1 in Fighting
   663 | D:1      | Reached skill level 3 in Earth Magic
   745 | D:1      | Found a faded altar of an unknown god.
  1107 | D:1      | Learned a level 2 spell: Passwall
  1145 | D:2      | Gained mutation: You are partially covered in yellow
                  | scales. (AC +2) [demonic ancestry]
  1145 | D:2      | Reached XP level 3. HP: 15/26 MP: 3/6
  1737 | D:2      | Noticed Sigmund
  1737 | D:2      | Noticed Terence
  2027 | D:2      | Learned a level 1 spell: Foxfire
  2253 | D:2      | Gained mutation: You regenerate magic rapidly. [demonic
                  | ancestry]
  2253 | D:2      | Reached XP level 4. HP: 33/33 MP: 5/8
  2389 | D:2      | HP: 1/33 [something (11)]
  2417 | D:2      | HP: 1/33 [Sigmund/+0 scythe (7)]
  2428 | D:2      | Slain by a giant cockroach

Illustrated notes

Levels and vault maps discovered:
D:1:      lemuel_arrival_rhombus, layout_loops_ring, basic_ecumenical_altar,
          serial_shops, nicolae_shop_crystal
D:2:      layout_basic, minmay_puff, uniq_sigmund, uniq_terence

Skill      XL: |  1  2 |
---------------+-------+-----
Fighting       | 1 |  1.9
Earth Magic    | 3 |  3.4
Dodging        | |  1.7
Stealth        | |  1.7
Spellcasting   | |  2.8
Conjurations   | |  0.4
Transmutations | |  0.8
Fire Magic     | |  0.3

Action                   |  1- 3 |  4- 6 || total
-------------------------+-------+-------++-------
Melee: Mace              |    14 |       ||    14
       Dagger            |    45 |     7 ||    52
       Kick              |    10 |     3 ||    13
 Cast: Sandblast         |    43 |     5 ||    48
       Passwall          |     3 |       ||     3
       Foxfire           |       |     9 ||     9
  Use: Potion            |       |     3 ||     3
 Stab: Sleeping          |     1 |       ||     1
Armor: Robe              |    24 |    12 ||    36
Dodge: Dodged            |    59 |    13 ||    72
